 Dungeon Crawl Stone Soup version 0.29-a0-284-gf9362112df (webtiles) character file.

Game seed: 3743204206640229184

16584 jisko22 the Cleaver (level 12, 0/106 HPs)
             Began as a Red Draconian Berserker on Mar 30, 2022.
             Was an Elder of Trog.
             Slain by a cane toad (16 damage)
             ... on level 2 of the Lair of Beasts on Apr 1, 2022.
             The game lasted 00:58:11 (17845 turns).

jisko22 the Cleaver (Red Draconian Berserker)      Turns: 17845, Time: 00:58:12

Health: 0/106      AC: 11    Str: 25    XL:     12   Next: 11%
Magic:  12/12      EV: 20    Int:  8    God:    Trog [****..]
Gold:   602        SH:  0    Dex: 15    Spells: 11/11 levels left

rFire   + . .      SeeInvis +   a - +2 hand axe (vamp)
rCold   + . .      Faith    .   (no shield)
rNeg    . . .      Spirit   .   (body armour unavailable)
rPois   +          Reflect  .   (helmet restricted)
rElec   .          Harm     .   (no cloak)
rCorr   .          Rampage  .   (no gloves)
Will    .....                   L - +2 pair of boots
Stlth   +.........              J - amulet of the acrobat
HPRegen 0.27/turn               E - ring of Qebb {rPois rC+ Will- Str+2 Dex+3}
MPRegen 0.13/turn               s - +4 ring of evasion

@: lethally poisoned (0 -> -14), short of breath, on berserk cooldown, hasted,
very quick
A: breathe fire, AC +8, unfitting armour, fire resistance 1, cold-blooded,
antennae 1, see invisible, wild magic 1, evolution 1
a: Breathe Fire, Renounce Religion, Berserk, Trog's Hand, Brothers in Arms


You were on level 2 of the Lair of Beasts.
You worshipped Trog.
Trog was greatly pleased with you.
You visited 2 branches of the dungeon, and saw 15 of its levels.

You collected 602 gold pieces.

Inventory:

Hand Weapons
 a - a +2 vampiric hand axe (weapon)
 b - a +1 hunting sling
 x - a +0 vorpal war axe
Missiles
 e - 485 stones
 f - 15 poisoned darts (quivered)
 z - 6 throwing nets
 I - 6 javelins
Armour
 L - a +2 pair of boots (worn)
Jewellery
 h - a +6 ring of intelligence
 s - a +4 ring of evasion (right hand)
 v - an amulet of faith
 E - the ring of Qebb (left hand) {rPois rC+ Will- Str+2 Dex+3}
   (You found it on level 10 of the Dungeon)

   [ring of poison resistance]

   Str:       It affects your strength (+2).
   Dex:       It affects your dexterity (+3).
   rC:        It protects you from cold.
   rPois:     It protects you from poison.
   Will:      It decreases your willpower.
 F - a +6 ring of dexterity
 J - an amulet of the acrobat (around neck)
 K - a ring of fire
Wands
 d - a wand of digging (6)
 l - a wand of flame (40)
 o - a wand of charming (7)
 q - a wand of paralysis (1)
 w - a wand of polymorph (5)
Scrolls
 c - 2 scrolls of teleportation
 j - 3 scrolls of amnesia
 t - a scroll of brand weapon
 u - a scroll of summoning
 y - a scroll of enchant armour
 A - a scroll of vulnerability
 B - a scroll of silence
 C - a scroll of fog
 D - a scroll of fear
 G - a scroll of identify
Potions
 g - 2 potions of heal wounds
 i - a potion of degeneration {unknown}
 k - 2 potions of ambrosia
 m - a potion of haste
 n - a potion of brilliance
 p - 7 potions of curing
 r - 2 potions of magic
 M - 2 potions of attraction {unknown}
Miscellaneous
 H - a phantom mirror


   Skills:
 - Level 10.0 Fighting
 + Level 13.8 Axes
 - Level 4.9 Slings
 - Level 8.3 Dodging
 - Level 6.3 Evocations


You had 11 spell levels left.
You didn't know any spells.
Your spell library was empty.

Dungeon Overview and Level Annotations

Branches:
Dungeon (11/15)            Temple (0/1) D:7            Lair (4/6) D:10
  Swamp: Lair:2-4    Shoals: Lair:2-4     Snake: Lair:2-4    Spider: Lair:2-4
    Orc: D:9-12

Altars:
Elyvilon
Fedhas
Gozag
Nemelex Xobeh
Trog
Wu Jian
Yredelemnul
The Shining One

Shops:
D:6 [   D:7 (   D:8 *

Annotations:
D:9 2 transporters, IdlyInterested's ghost, journeyman DsGl


Innate Abilities, Weirdness & Mutations

You can breathe blasts of fire.
Your fiery red scales are hard. (AC +8)
You cannot fit into any form of body armour.
Your flesh is heat resistant. (rF+)
You are cold-blooded and may be slowed by cold attacks.
You have a pair of small antennae on your head.
You have supernaturally acute eyesight. (SInv)
Your spells are a little harder to cast, but a little more powerful.
You have hidden genetic potential.


Message History

Okay, then.
You feel yourself speed up.
The black mamba bites you but does no damage.
Your water moccasin bites the black mamba.
The black mamba closely misses you. The cane toad stings you.
The six-headed hydra bites you!
The six-headed hydra closely misses you. x2
The six-headed hydra misses you.
The six-headed hydra closely misses you.
The six-headed hydra barely misses you.
Your water moccasin bites the black mamba.
The black mamba bites you.
* * * LOW HITPOINT WARNING * * *
The cane toad stings you!
* * * LOW HITPOINT WARNING * * *
You are lethally poisoned!
The cane toad poisons you!
The black mamba attacks as you move away!
The black mamba closely misses you.
The six-headed hydra attacks as you move away!
The six-headed hydra misses you. x2
The six-headed hydra bites you but does no damage. x2
The six-headed hydra bites you!
* * * LOW HITPOINT WARNING * * *
The six-headed hydra bites you but does no damage.
A rime drake comes into view.
You feel yourself speed up.
* * * LOW HITPOINT WARNING * * *
You feel very sick.
The rime drake hisses angrily.
The wyvern bites your water moccasin but does no damage.
The rime drake breathes ice at you. The flash freeze misses you.
Your water moccasin barely misses the black mamba.
You feel much better.
* * * LOW HITPOINT WARNING * * *
You feel very sick.
The wyvern completely misses your water moccasin.
The cane toad stings you!
You die...

#.. #.#.. #
#.##..... ##.
####........
#P.##.##.#P.....
##.............<.
#................
#................
#.......@......k
##....##DPFP.....
#.#...>.lS.SS....#.
#............$....
#..................
#..................
#..........○........
#P...........$......
#..................


You could see a six-headed hydra, a black mamba (ally target), a cane toad, a
rime drake (catching breath), a water moccasin, a wyvern and a friendly water
moccasin (summoned).

Vanquished Creatures
  Harold (D:9)
  3 two-headed ogres
  A centaur warrior (D:10)
  Pikel (D:7)
  A deep elf pyromancer (D:10)
  A black mamba (Lair:1)
  A gargoyle (D:10)
  3 cane toads (Lair:1)
  4 komodo dragons
  2 trolls
  5 blink frogs (Lair:4)
  A wraith (D:10)
  17 yaks
  2 wyverns
  Menkaure (D:7)
  A vampire mosquito (D:10)
  4 water moccasins
  2 orc warriors (D:8)
  5 black bears
  2 ogres
  An ice beast (D:6)
  4 lemures (D:7)
  4 centaurs
  A phantom (D:5)
  A kobold brigand (D:7)
  A gnoll sergeant (D:8)
  11 bullfrogs
  A necrophage (D:8)
  5 scorpions
  9 wights
  23 killer bees
  3 howler monkeys
  2 hounds (D:6)
  3 orc priests
  Crazy Yiuf (D:7)
  2 gnoll shamans
  4 iguanas
  An orc wizard (D:10)
  14 gnolls
  5 adders
  A shadow imp (D:6)
  2 ufetubi (D:5)
  2 worms
  5 dart slugs
  33 orcs
  6 bats
  5 endoplasms
  8 giant cockroaches
  8 hobgoblins
  3 quokkas
  12 ball pythons
  2 frilled lizards
  13 goblins
  16 kobolds
  6 rats
276 creatures vanquished.

Vanquished Creatures (collateral kills)
  2 wraiths (D:10)
  A yak (D:10)
  An acid dragon (D:10)
4 creatures vanquished.

Vanquished Creatures (others)
  3 yaks (D:10)
  A bullfrog (Lair:1)
  A killer bee (D:7)
  14 fungi
  32 plants
51 creatures vanquished.

Grand Total: 331 creatures vanquished

Notes
Turn   | Place    | Note
-------+----------+-------------------------------------------
     0 | D:1      | jisko22 the Draconian Berserker began the quest for the
                  | Orb.
     0 | D:1      | Reached XP level 1. HP: 19/19 MP: 1/1
   263 | D:1      | Reached XP level 2. HP: 26/26 MP: 2/2
   946 | D:1      | Reached XP level 3. HP: 31/31 MP: 3/3
   958 | D:1      | Reached skill level 1 in Slings
  1058 | D:1      | Reached ** piety under Trog
  2277 | D:2      | Reached XP level 4. HP: 39/39 MP: 4/4
  2515 | D:3      | Found a glowing golden altar of the Shining One.
  3009 | D:3      | Found a bloodstained altar of Trog.
  3362 | D:4      | Noticed an ogre
  3370 | D:4      | Killed an ogre
  3371 | D:4      | Reached XP level 5. HP: 43/45 MP: 5/5
  3614 | D:4      | Reached XP level 6. HP: 42/51 MP: 6/6
  4051 | D:4      | Reached *** piety under Trog
  4236 | D:5      | Entered Level 5 of the Dungeon
  4548 | D:5      | Reached skill level 4 in Axes
  4573 | D:5      | Noticed a two-headed ogre
  4595 | D:5      | Killed a two-headed ogre
  4596 | D:5      | Reached skill level 5 in Fighting
  4596 | D:5      | Reached skill level 6 in Axes
  4596 | D:5      | Your scales start taking on a fiery red colour.
  4596 | D:5      | Reached XP level 7. HP: 59/61 MP: 7/7
  4596 | D:5      | Gained mutation: Your flesh is heat resistant. (rF+) [Red
                  | Draconian growth]
  4596 | D:5      | Reached XP level 8. HP: 67/68 MP: 8/8
  5498 | D:5      | Found an ornate altar of the Wu Jian Council.
  5787 | D:6      | Reached skill level 7 in Axes
  5885 | D:6      | Reached skill level 5 in Dodging
  6970 | D:6      | Found Uwoism Fego's Antique Armour Emporium.
  7172 | D:7      | Noticed Pikel
  7189 | D:7      | Killed Pikel
  7190 | D:7      | Reached skill level 8 in Axes
  7190 | D:7      | Reached XP level 9. HP: 78/78 MP: 9/9
  7424 | D:7      | Found a staircase to the Ecumenical Temple.
  7621 | D:7      | Noticed Menkaure
  7628 | D:7      | Reached skill level 9 in Axes
  7630 | D:7      | Killed Menkaure
  8332 | D:7      | Reached skill level 1 in Evocations
  8510 | D:7      | Found Esoniputh's Antique Weapon Shop.
  8596 | D:7      | Found a runed translucent door.
  8597 | D:7      | Noticed Crazy Yiuf
  8717 | D:7      | Found a basalt altar of Yredelemnul.
  8801 | D:7      | Found a sparkling altar of Nemelex Xobeh.
  8802 | D:7      | Found an opulent altar of Gozag.
  9440 | D:7      | Found a white marble altar of Elyvilon.
  9510 | D:7      | Killed Crazy Yiuf
  9825 | D:8      | Found Buodwa's Elemental Accessories.
  9851 | D:8      | Reached skill level 5 in Evocations
 10291 | D:8      | Reached XP level 10. HP: 86/86 MP: 10/10
 11441 | D:9      | Gained mutation: Your spells are a little harder to cast,
                  | but a little more powerful. [potion of mutation]
 11441 | D:9      | Gained mutation: You have a pair of small antennae on your
                  | head. [potion of mutation]
 11441 | D:9      | Gained mutation: You have hidden genetic potential. [potion
                  | of mutation]
 11866 | D:9      | Noticed Harold
 11948 | D:9      | Found a blossoming altar of Fedhas.
 12070 | D:9      | Killed Harold
 12071 | D:9      | Reached skill level 10 in Axes
 12192 | D:9      | Reached **** piety under Trog
 12337 | D:9      | Found a transporter.
 12338 | D:9      | Noticed a moth of wrath
 12340 | D:9      | Found a transporter.
 12346 | D:9      | Found a bloodstained altar of Trog.
 12403 | D:9      | Noticed a tengu warrior
 12418 | D:9      | Noticed IdlyInterested's ghost (journeyman DsGl)
 12737 | D:10     | Entered Level 10 of the Dungeon
 12737 | D:10     | Noticed a two-headed ogre
 12750 | D:10     | Killed a two-headed ogre
 12751 | D:10     | Reached skill level 11 in Axes
 12751 | D:10     | Reached XP level 11. HP: 95/95 MP: 11/11
 12751 | D:10     | Noticed a centaur warrior
 12753 | D:10     | Found a staircase to the Lair.
 12757 | Lair:1   | Entered Level 1 of the Lair of Beasts
 12805 | D:10     | Killed a centaur warrior
 12810 | D:10     | Gained mutation: You have supernaturally acute eyesight.
                  | (SInv) [hidden potential]
 12863 | D:10     | Identified the ring of Qebb {rPois rC+ Will- Str+2 Dex+3}
 13091 | D:10     | Noticed a deep elf pyromancer
 13160 | D:10     | Killed a deep elf pyromancer
 14068 | D:10     | Noticed a two-headed ogre
 14082 | D:10     | Killed a two-headed ogre
 14083 | D:10     | Reached skill level 12 in Axes
 14185 | D:10     | Identified the +0 pair of gloves of the Tuna {Str+5}
 16632 | Lair:1   | Reached skill level 10 in Fighting
 17299 | Lair:1   | Reached skill level 13 in Axes
 17578 | Lair:2   | You fall into a shaft and drop 2 floors!
 17578 | Lair:4   | Noticed a death yak
 17582 | Lair:4   | Noticed a death yak
 17642 | Lair:4   | Reached XP level 12. HP: 106/106 MP: 12/12
 17825 | Lair:4   | Gained mutation: You have great hidden genetic potential.
                  | [hidden potential]
 17825 | Lair:4   | Lost mutation: You have great hidden genetic potential.
                  | [hidden potential expressed]
 17835 | Lair:2   | Noticed a six-headed hydra
 17844 | Lair:2   | HP: 5/106 [poisoned by a cane toad]
 17845 | Lair:2   | Slain by a cane toad

Illustrated notes

Levels and vault maps discovered:
D:1:      dpeg_arrival_morbid_curiosity, layout_basic, grunt_decor_arrowhead,
          minmay_tromino_mix6
D:2:      layout_rooms
D:3:      layout_loops_corners, nicolae_overflow_crystal_walls,
          overflow_temple_1_default, kennysheep_generic_room_7
D:4:      layout_rooms, minmay_pentomino_pile
D:5:      layout_basic, nicolae_wu_jian_immortal_techniques, serial_park_tiny_2
D:6:      layout_loops_ring, serial_shops, kennysheep_little_box,
          kennysheep_dice
D:7:      layout_basic, kennysheep_ying_yang, grunt_temple_overflow_opulence,
          minmay_temple_entry_grid, serial_shops, nicolae_shop_statue_plus,
          roderic_lattice_a, uniq_menkaure, uniq_pikel, uniq_crazy_yiuf_cottage
D:8:      layout_basic, special_room [special_room_orc], nicolae_elemental_shop,
          serial_bayou_lagoon_a
D:9:      layout_basic, fedhas_bush_and_centaur_altar, serial_rivers,
          chequers_serial_rivers_micro_e, chequers_serial_rivers_micro_c,
          chequers_serial_rivers_small_b, chequers_serial_rivers_micro_c,
          chequers_serial_rivers_small_3, enter_bailey_5,
          gammafunk_ghost_wrathful_warriors, uniq_harold
D:10:     minmay_opposing_rooms, layout_cave_pods, lair_entry_dummy,
          lemuel_old_faithful
D:11:     layout_cave_pools, gauntlet_entry_generic
Lair:1:   layout_roguey, beast_lair_carwin_3
Lair:2:   layout_gridlike, guppyfry_snake_entry_garden
Lair:3:   layout_cave_pods, serial_forest, infiniplex_forest_lined_2,
          infiniplex_forest_clump_long, infiniplex_forest_zigzag_2,
          infiniplex_forest_straight_1, infiniplex_forest_straight_4,
          infiniplex_forest_fountain, infiniplex_forest_straight_2,
          dreamdust_mushroom_princess, serial_bayou_ford_a
Lair:4:   wad_woods_minihive, layout_gridlike, minmay_shoals_entry_centaurs,
          chequers_serial_rivers_small_3, beast_lair_carwin_6, uniq_josephine

Skill      XL: |  1  2  3  4  5  6  7  8  9 10 11 |
---------------+----------------------------------+-----
Slings         | 2 4 |  4.9
Dodging        | 4 5 6 7 8 |  8.3
Axes           | 6 8 9 11 13 | 13.8
Fighting       | 5 6 7 8 10 | 10.0
Evocations     | 5 6 |  6.3

Action                   |  1- 3 |  4- 6 |  7- 9 | 10-12 || total
-------------------------+-------+-------+-------+-------++-------
Melee: Hand axe          |   119 |   109 |   243 |   522 ||   993
       Tailslap          |    10 |    14 |    39 |    87 ||   150
       Punch             |     2 |       |     4 |    10 ||    16
 Fire: Hunting sling     |    32 |    17 |    16 |    14 ||    79
Throw: Stone             |     3 |       |       |       ||     3
       Dart              |       |    11 |     3 |    16 ||    30
Invok: Berserk           |     2 |     5 |    12 |    15 ||    34
       Trog's Hand       |       |       |     1 |     2 ||     3
 Abil: Breathe Fire      |       |       |     9 |    16 ||    25
Evoke: Wand              |       |       |     7 |     9 ||    16
  Use: Scroll            |     1 |     8 |     4 |    16 ||    29
       Potion            |       |       |     1 |     3 ||     4
 Stab: Sleeping          |       |     1 |       |       ||     1
       Paralysed         |       |       |       |    18 ||    18
Armor: Skin              |    56 |    25 |    57 |    79 ||   217
Dodge: Dodged            |    84 |    82 |   254 |   485 ||   905

Table legend: (Time is in decaauts)
 A = Elapsed time spent in this place.
 B = Non-inter-level travel time spent in this place.
 C = Inter-level travel time spent in this place.
 D = Time resting spent in this place.
 E = Time spent auto-exploring this place.
 F = Levels seen in this place.
 G = Mean time per level.
                   A        B        C        D        E       F      G
               +--------+--------+--------+--------+--------+-----+--------+
         Total |  18023 |  17428 |    595 |   7358 |   7660 |  15 | 1201.5 |
       Dungeon |  15539 |  14950 |    589 |   5950 |   6996 |  11 | 1412.6 |
          Lair |   2484 |   2478 |      6 |   1408 |    664 |   4 |  621.0 |
               +--------+--------+--------+--------+--------+-----+--------+

Top non-repeatable levels by time:
    D:10: 2629 daAuts
  Lair:1: 2222 daAuts
     D:6: 2169 daAuts
     D:7: 1892 daAuts
     D:1: 1783 daAuts
     D:8: 1760 daAuts
     D:5: 1474 daAuts
     D:9: 1301 daAuts
     D:3: 986 daAuts
     D:4: 818 daAuts
     D:2: 719 daAuts
  Lair:4: 223 daAuts
  Lair:2: 31 daAuts
  Lair:3: 7 daAuts
    D:11: 1 daAuts
